 Dungeon Crawl Stone Soup version 0.31-a0-192-ga50d7bf3bb (webtiles) character file.

Game seed: 13206265017256184591

1762 qw the Skirmisher (level 8, -4/47 HPs)
             Began as a Deep Elf Hunter on June 23, 2023.
             Was a Follower of Okawaru.
             Slain by a water moccasin (5 damage)
             ... on level 6 of the Dungeon.
             The game lasted 00:01:53 (5408 turns).

qw the Skirmisher (Deep Elf Hunter)                 Turns: 5408, Time: 00:01:54

Health: -4/47      AC: 13    Str: 10    XL:     8   Next: 79%
Magic:  11/12      EV: 14    Int: 15    God:    Okawaru [*.....]
Gold:   367        SH:  5    Dex: 23    Spells: 7/7 levels left

rFire   + + .        Y - +4 shortbow
rCold   + . .        (shield currently unavailable)
rNeg    . . .        o - +0 scale mail {rF+}
rPois   +            f - +2 helmet of the Seven Spines {rElec rC+}
rElec   +            b - +0 cloak
rCorr   .            a - +0 pair of gloves
SInv    .            (no boots)
Will    .....        g - amulet of reflection
Stlth   ++           l - ring of the Neverending Knaves {Wiz rElec rF+ Dex+5}
HPRegen 0.27/turn    c - ring of poison resistance
MPRegen 0.13/turn

%: reflection, wizardry (x1)
@: lethally poisoned (-4 -> -14), heroic
A: no striking features
a: Renounce Religion, Heroism


You were on level 6 of the Dungeon.
You worshipped Okawaru.
Okawaru was aware of your devotion.
You visited 1 branch of the dungeon, and saw 7 of its levels.

You collected 367 gold pieces.


   Skills:
 - Level 3.6(8.6) Fighting
 + Level 12.6(17.6) Ranged Weapons
 - Level 2.1(7.1) Armour
 - Level 5.1(10.1) Dodging
 - Level 1.2(6.2) Stealth
 + Level 3.4 Invocations


You had 7 spell levels left.
You didn't know any spells.
Your spell library was empty.

Inventory:

Hand Weapons
 Y - a +4 shortbow (weapon)
Armour
 a - a +0 pair of gloves (worn)
 b - a +0 cloak (worn)
 f - the +2 helmet of the Seven Spines (worn) {rElec rC+}
   (You found it on level 2 of the Dungeon)

   rC:        It protects you from cold.
   rElec:     It insulates you from electricity.
 i - a +0 ring mail
 o - a +0 scale mail of fire resistance (worn)
Jewellery
 c - a ring of poison resistance (right hand)
 g - an amulet of reflection (around neck)
 l - the ring of the Neverending Knaves (left hand) {Wiz rElec rF+ Dex+5}
   (You acquired it on level 6 of the Dungeon)

   [ring of wizardry]

   It improves your spell success rate.
   Dex:       It affects your dexterity (+5).
   rF:        It protects you from fire.
   rElec:     It insulates you from electricity.
 n - a +4 ring of protection
Scrolls
 d - a scroll of identify
Potions
 e - 2 potions of haste
 h - a potion of cancellation
 k - 4 potions of curing
 m - 2 potions of mutation

Dungeon Overview and Level Annotations

Branches:
Dungeon (7/15)             Temple (0/1) D:6

Altars:
Cheibriados
Dithmenos
Fedhas
Gozag
Makhleb
Nemelex Xobeh
Okawaru
Qazlal
Ru
Uskayaw
Xom

Shops:
D:5 :   D:6 *


Message History

The water moccasin barely misses you.
The water moccasin bites you but does no damage.
Your base Armour skill increases to level 2!
You shoot an arrow.
The arrow barely misses the water moccasin.
You block the water moccasin's attack.
You shoot an arrow.
The arrow barely misses the water moccasin.
The water moccasin bites you.
You are poisoned.
The water moccasin poisons you!
The water moccasin bites you but does no damage.
You shoot an arrow.
The arrow barely misses the water moccasin.
You feel very sick.
The water moccasin completely misses you.
You shoot an arrow. The arrow hits the water moccasin.
The water moccasin is lightly wounded.
You feel sick. You block the water moccasin's attack.
You shoot an arrow. The arrow hits the water moccasin!
The water moccasin is moderately wounded.
You feel very sick. The water moccasin bites you.
You shoot an arrow. The arrow hits the water moccasin.
The water moccasin is heavily wounded.
You feel sick. The water moccasin barely misses you.
The water moccasin bites you but does no damage.
You shoot an arrow.
The arrow closely misses the water moccasin.
You feel sick. The water moccasin bites you.
You shoot an arrow.
The arrow barely misses the water moccasin.
You feel sick. The water moccasin bites you.
You are more poisoned.
The water moccasin poisons you!
You shoot an arrow.
The arrow closely misses the water moccasin.
You feel very sick. The water moccasin barely misses you.
The water moccasin bites you.
You die...

.................#....##...######
.................#.....#...##....
.................'.....+.........
.................#.....#.........
.................########+###....
#######+##.............#...##..[.
.....#...#.............#....#....
.....'...'.)...........#....'....
.....#...#......@......#....#....
.....#...#.....S.......#...######
....##...#.............#...#.....
######...#.............#...#.....
######.............#'###..... #
##.......##'###............... #
#'.......#....#...............
#####....[..#....#...............
............#....#..........#####


You could see a water moccasin.

Vanquished Creatures
  Menkaure (D:6)
  A water moccasin (D:6)
  Duvessa (D:5)
  2 sky beasts
  2 black bears
  An ice beast (D:6)
  2 ogres
  Blork the orc (D:6)
  2 scorpions
  Dowan (D:6)
  2 howler monkeys
  3 hounds
  A sleepcap (D:6)
  3 iguanas
  7 orc wizards
  An adder (D:5)
  A shadow imp (D:6)
  A white imp (D:5)
  3 worms
  2 dart slugs (D:4)
  26 orcs
  6 ball pythons
  2 bats (D:1)
  4 endoplasms
  2 giant cockroaches
  7 hobgoblins
  2 kobolds
  6 quokkas
  A frilled lizard (D:1)
  7 goblins
  2 rats
103 creatures vanquished.

Notes
Turn   | Place    | Note
-------+----------+-------------------------------------------
     0 | D:1      | qw the Deep Elf Hunter began the quest for the Orb.
     0 | D:1      | Reached XP level 1. HP: 12/12 MP: 3/3
     0 | D:1      | 0 ||| qw: Version: 0.3-a-9-g12657ce
     0 | D:1      | 0 ||| qw: Game counter: 4561
     0 | D:1      | 0 ||| qw: Always use a shield: true
     0 | D:1      | 0 ||| qw: God list: Okawaru
     0 | D:1      | 0 ||| qw: Allow faded altars: false
     0 | D:1      | 0 ||| qw: Do Orc after D:15 true
     0 | D:1      | 0 ||| qw: Do second Lair branch before Depths: true
     0 | D:1      | 0 ||| qw: Lair rune preference: random
     0 | D:1      | 0 ||| qw: Plans: Normal
     0 | D:1      | 0 ||| PLANNING D:1-11
   176 | D:1      | Reached XP level 2. HP: 16/16 MP: 4/4
   242 | D:1      | Reached skill level 6 in Ranged Weapons
   497 | D:1      | 497 ||| READING scroll labelled DUTIED OLOUNN.
   498 | D:1      | 498 ||| READING 2 scrolls labelled KEOTTUA YNASOS.
   499 | D:1      | 499 ||| READING scroll labelled KUUNAU FESEIP.
   500 | D:1      | 500 ||| READING scroll labelled JEGYXK AGGOJ.
   505 | D:1      | 505 ||| DROPPING scroll of butterflies.
   506 | D:1      | 506 ||| DROPPING scroll of blinking.
   593 | D:2      | Identified the +2 helmet of the Seven Spines {rElec rC+}
  1167 | D:2      | 1167 ||| UPGRADING to +0 scale mail.
  1177 | D:2      | 1177 ||| DROPPING +0 leather armour.
  1178 | D:2      | 1178 ||| UPGRADING to +2 helmet of the Seven Spines {rElec
                  | rC+}.
  1183 | D:2      | 1183 ||| UPGRADING to +0 ring mail.
  1193 | D:2      | 1193 ||| DROPPING +0 scale mail.
  1194 | D:2      | 1194 ||| UPGRADING to ring of poison resistance.
  1195 | D:2      | 1195 ||| READING 3 scrolls labelled FEAF HOIGUN.
  1196 | D:2      | 1196 ||| READING 2 scrolls of enchant weapon.
  1196 | D:2      | 1196 ||| ENCHANTING +1 shortbow.
  1197 | D:2      | 1197 ||| READING scroll of enchant weapon.
  1197 | D:2      | 1197 ||| ENCHANTING +2 shortbow.
  1198 | D:2      | 1198 ||| READING scroll labelled NEXURA OMOCA.
  1332 | D:3      | Reached XP level 3. HP: 8/20 MP: 5/5
  1341 | D:3      | HP: 3/20 [something/magic dart (4)]
  1347 | D:3      | Reached skill level 7 in Ranged Weapons
  1471 | D:3      | Found a sacrificial altar of Ru.
  1530 | D:3      | Reached XP level 4. HP: 25/25 MP: 6/6
  1737 | D:3      | 1737 ||| UPGRADING to +0 pair of gloves.
  1742 | D:3      | 1742 ||| UPGRADING to +0 cloak.
  1747 | D:3      | 1747 ||| UPGRADING to amulet of guardian spirit.
  1752 | D:3      | 1752 ||| READING scroll labelled KUAREEJICHA.
  1753 | D:3      | 1753 ||| DRINKING 2 glowing orange potions.
  1754 | D:3      | 1754 ||| DRINKING 5 yellow potions.
  1755 | D:3      | 1755 ||| READING 3 scrolls of identify.
  1755 | D:3      | 1755 ||| IDENTIFYING grey potion
  1756 | D:3      | 1756 ||| READING 2 scrolls of identify.
  1756 | D:3      | 1756 ||| IDENTIFYING fizzy emerald potion
  1832 | D:4      | Noticed a black bear
  1842 | D:4      | Killed a black bear
  1843 | D:4      | Reached skill level 8 in Ranged Weapons
  1843 | D:4      | Reached XP level 5. HP: 9/29 MP: 1/7
  2019 | D:4      | Reached skill level 1 in Armour
  2047 | D:4      | HP: 1/29 [poisoned by a scorpion]
  2048 | D:4      | 2048 ||| DRINKING potion of heal wounds.
  2050 | D:4      | Reached skill level 9 in Ranged Weapons
  2050 | D:4      | Reached XP level 6. HP: 19/34 MP: 3/8
  2057 | D:4      | HP: 8/34 [poisoned by a scorpion]
  2261 | D:4      | Found a blossoming altar of Fedhas.
  2267 | D:4      | Found a stormy altar of Qazlal.
  2273 | D:4      | Noticed a sky beast
  2279 | D:4      | Killed a sky beast
  2696 | D:4      | 2696 ||| UPGRADING to amulet of reflection.
  2706 | D:4      | 2706 ||| DROPPING amulet of guardian spirit.
  2707 | D:4      | 2707 ||| DROPPING amulet of magic regeneration.
  2708 | D:4      | 2708 ||| UPGRADING to +4 ring of protection.
  2709 | D:4      | 2709 ||| DROPPING +6 ring of intelligence.
  2710 | D:4      | 2710 ||| READING scroll labelled LURAAMIMUK.
  2711 | D:4      | 2711 ||| READING 2 scrolls of identify.
  2711 | D:4      | 2711 ||| IDENTIFYING purple potion
  2739 | D:5      | Entered Level 5 of the Dungeon
  2739 | D:5      | Found Maczirph's Vocational Training.
  2747 | D:5      | Reached skill level 10 in Ranged Weapons
  2785 | D:5      | 2785 ||| READING scroll of enchant weapon.
  2785 | D:5      | 2785 ||| ENCHANTING +3 shortbow.
  2810 | D:5      | Reached skill level 3 in Dodging
  2810 | D:5      | Reached XP level 7. HP: 40/40 MP: 9/9
  2842 | D:5      | HP: 10/40 [something (2)]
  2987 | D:5      | Found a snail-covered altar of Cheibriados.
  3026 | D:5      | Found a shimmering altar of Xom.
  3395 | D:5      | Found an iron altar of Okawaru.
  3396 | D:5      | 3396 ||| PLANNING OKAWARU WORSHIP
  3396 | D:5      | 3396 ||| READING scroll labelled NIRHUY YRCHE.
  3466 | D:5      | 3466 ||| READING 2 scrolls labelled XOHAJU YCKA.
  3467 | D:5      | 3467 ||| READING 2 scrolls of identify.
  3467 | D:5      | 3467 ||| IDENTIFYING glowing emerald potion
  3468 | D:5      | 3468 ||| DROPPING scroll of vulnerability.
  3469 | D:5      | 3469 ||| DROPPING potion of lignification.
  3470 | D:5      | Found an opulent altar of Gozag.
  3472 | D:5      | Became a worshipper of Warmaster Okawaru
  3473 | D:5      | 3473 ||| PLANNING D:1-11
  3502 | D:5      | Found a hide-covered altar of Uskayaw.
  3568 | D:5      | Found a sparkling altar of Nemelex Xobeh.
  4130 | D:5      | 4130 ||| READING scroll labelled PUW REYSHRE.
  4248 | D:6      | Found a staircase to the Ecumenical Temple.
  4277 | D:6      | Reached skill level 11 in Ranged Weapons
  4432 | D:6      | Noticed Blork the orc
  4441 | D:6      | Killed Blork the orc
  4444 | D:6      | Reached * piety under Okawaru
  4445 | D:6      | Reached skill level 12 in Ranged Weapons
  4445 | D:6      | Reached XP level 8. HP: 33/45 MP: 10/10
  4516 | D:6      | Reached skill level 1 in Invocations
  4541 | D:6      | Noticed Menkaure
  4542 | D:6      | 4542 ||| INVOKING Heroism.
  4550 | D:6      | HP: 11/45 [Menkaure (14)]
  4551 | D:6      | Killed Menkaure
  4552 | D:6      | Reached skill level 3 in Fighting
  4695 | D:6      | 4695 ||| READING scroll labelled AHUTHY IDUME.
  4695 | D:6      | Identified a scroll of acquirement
  4695 | D:6      | 4695 ||| ACQUIRING ring of the Neverending Knaves {Wiz
                  | rElec rF+ Dex+5}
  4695 | D:6      | Acquired the ring of the Neverending Knaves {Wiz rElec rF+
                  | Dex+5}
  4697 | D:6      | 4697 ||| UPGRADING to ring of the Neverending Knaves {Wiz
                  | rElec rF+ Dex+5}.
  4699 | D:6      | 4699 ||| UPGRADING to ring of poison resistance.
  4701 | D:6      | 4701 ||| READING 2 scrolls of identify.
  4701 | D:6      | 4701 ||| IDENTIFYING fuming sapphire potion
  4702 | D:6      | 4702 ||| DROPPING potion of berserk rage.
  4710 | D:6      | 4710 ||| STAIRDANCE
  4710 | D:6      | Noticed Dowan
  4720 | D:6      | 4720 ||| INVOKING Heroism.
  4723 | D:6      | Killed Dowan
  4723 | D:6      | Noticed Duvessa
  4733 | D:6      | 4733 ||| STAIRDANCE
  4740 | D:5      | Killed Duvessa
  5098 | D:6      | Found Yxachosur's Elemental Accessories.
  5161 | D:6      | Found a shadowy altar of Dithmenos.
  5234 | D:6      | 5234 ||| INVOKING Heroism.
  5259 | D:6      | Found a burning altar of Makhleb.
  5324 | D:6      | 5324 ||| UPGRADING to +0 scale mail of fire resistance.
  5339 | D:6      | 5339 ||| READING scroll labelled WEJUL JETSESERPH.
  5388 | D:7      | Reached skill level 3 in Invocations
  5395 | D:7      | 5395 ||| STAIRDANCE
  5397 | D:6      | 5397 ||| INVOKING Heroism.
  5406 | D:6      | HP: 9/47 [water moccasin (5)]
  5407 | D:6      | HP: 4/47 [water moccasin (4)]
  5408 | D:6      | HP: 1/47 [poisoned by a water moccasin]
  5408 | D:6      | Slain by a water moccasin

Levels and vault maps discovered:
D:1:      kennysheep_arrival_seaside, layout_rooms
D:2:      layout_loops_ring, hangedman_abyss_or_decor_lesser_grid
D:3:      layout_rooms, mainiacjoe_overflow_paths, minmay_goblin_kobold_house
D:4:      layout_basic, grunt_temple_overflow_forces_of_nature,
          kennysheep_generic_room_10
D:5:      layout_layer_cave, nicolae_overflow_hidden_temple, old_standard_altar,
          slow_altar_2, nemelex_diamond_rough_becter, nicolae_overflow_squiral,
          dreamdust_princess_corridor, nicolae_shop_vocational
D:6:      layout_gridville, lightli_temple_of_fire, kennysheep_mini,
          temple_doors_e, nicolae_elemental_shop, uniq_blork_the_orc,
          uniq_duvessa, uniq_menkaure
D:7:      gammafunk_cloud_chamber, layout_rooms, serial_shops, shop, shop, shop,
          shop, serial_bayou_pond_c

Skill      XL: |  1  2  3  4  5  6  7  8 |
---------------+-------------------------+-----
Ranged Weapons | 6 7 8 9 10 12 | 12.6
Armour         | 1 2 |  2.1
Fighting       | 2 3 |  3.6
Dodging        | 3 5 |  5.1
Invocations    | 3 |  3.4
Stealth        | |  1.2

Action                     |  1- 3 |  4- 6 |  7- 9 || total
---------------------------+-------+-------+-------++-------
   Fire: Shortbow          |    90 |    73 |   214 ||   377
 Invoke: Heroism           |       |       |     4 ||     4
    Use: Scroll            |     8 |     6 |     7 ||    21
         Potion            |       |     3 |       ||     3
 Armour: Leather armour    |     3 |       |       ||     3
         Ring mail         |    10 |    11 |    59 ||    80
         Scale mail        |       |       |     9 ||     9
  Dodge: Dodged            |     8 |    17 |    40 ||    65
  Block: Other             |       |     2 |    15 ||    17

Table legend:
 A = Non-vault XP
 B = Vault XP
 C = Vault XP percentage of total XP
 D = Non-vault monster count
 E = Vault monster count
 F = Vault count percentage of total count
                 A         B        C        D         E       F
            +---------+---------+-------+---------+---------+-------
      Total |    2041 |     477 |  18.9 |      96 |       7 |   6.8
            +---------+---------+-------+---------+---------+-------
        D:1 |      21 |       0 |   0.0 |      12 |       0 |   0.0
        D:2 |      14 |       0 |   0.0 |       8 |       0 |   0.0
        D:3 |      69 |       4 |   5.5 |      17 |       2 |  10.5
        D:4 |     483 |       0 |   0.0 |      13 |       0 |   0.0
        D:5 |     505 |     147 |  22.5 |      25 |       2 |   7.4
        D:6 |     891 |     326 |  26.8 |      20 |       3 |  13.0
        D:7 |      58 |       0 |   0.0 |       1 |       0 |   0.0
            +---------+---------+-------+---------+---------+-------
